 Dungeon Crawl Stone Soup version 0.18.1-5-g4a78601 (webtiles) character file.

8258 Chiseanne the Thaumaturge (level 11, 0/68 HPs)
             Began as a Human Enchanter on May 9, 2016.
             Was an Initiate of Gozag.
             Slain by a hell hound (1 damage)
             ... led by Azrael
             ... on level 2 of the Orcish Mines.
             The game lasted 00:48:44 (15425 turns).

Chiseanne the Thaumaturge (Human Enchanter)        Turns: 15425, Time: 00:48:45

Health: 0/68       AC: 13    Str:  9    XL:     11   Next: 52%
Magic:  25/25      EV: 11    Int: 19    God:    Gozag
Gold:   742        SH:  0    Dex: 15    Spells: 6 memorised, 13 levels left

rFire  . . .     SeeInvis .     a - +4 dagger (venom)
rCold  . . .     Gourm    .     G - +0 ring mail of the Hunter {rN+ MR+} (curse)
rNeg   + . .     Faith    .     (no shield)
rPois  .         Spirit   .     b - +0 helmet
rElec  .         Dismiss  .     v - +2 cloak
rCorr  .         Reflect  .     (no gloves)
SustAt .         Harm     +     q - +1 pair of boots
MR     +....                    p - amulet of harm
Stlth  ++........               (no ring)
                                (no ring)

@: somewhat resistant to hostile enchantments, unstealthy
A: agile 1
a: Potion Petition, Call Merchant, Bribe Branch, Renounce Religion


You were on level 2 of the Orcish Mines.
You worshipped Gozag.
Gozag was noncommittal.
You were full.

You visited 2 branches of the dungeon, and saw 11 of its levels.
You also visited: Sewer.

You collected 2204 gold pieces.
You spent 589 gold pieces at shops.
You paid 873 gold pieces to Gozag.

Inventory:

Hand Weapons
 a - a +4 dagger of venom (weapon)
 e - a +0 hunting sling
 s - a +2 quarterstaff of chaos
 w - a +0 blowgun
 E - a +4 flail
 F - a +1 hand axe of chopping
Missiles
 h - 41 sling bullets
 m - 45 bolts
 o - 173 arrows
 z - 14 poisoned needles
 A - 196 stones
 C - 13 tomahawks (quivered)
Armour
 b - a +0 helmet (worn)
 q - a +1 pair of boots (worn)
 v - a +2 cloak (worn)
 G - the cursed +0 ring mail of the Hunter (worn) {rN+ MR+}
   (You found it on level 5 of the Dungeon)

   It protects you from negative energy.
   It affects your resistance to hostile enchantments.
   It has a curse placed upon it.
 I - a +0 shield
Jewellery
 p - an amulet of harm (around neck)
 H - an uncursed ring of fire
Wands
 f - a wand of disintegration (0/24)
 K - a wand of disintegration (10/24)
 L - a wand of confusion (27/48)
 N - a wand of digging (4/24)
 S - a wand of confusion (23/48)
Scrolls
 i - 3 scrolls of blinking
 l - 5 scrolls of teleportation
 n - 3 scrolls of identify
 u - 3 scrolls of immolation
 y - a scroll of amnesia
 B - 4 scrolls of remove curse
 Q - a scroll of magic mapping
Potions
 g - a potion of haste
 j - 5 potions of heal wounds
 k - 2 potions of flight
 r - 2 potions of agility
 D - 2 potions of lignification
 J - a potion of resistance
 O - a potion of berserk rage
 R - a potion of invisibility
Books
 c - a book of Maledictions

   Spells                             Type                      Level
   a - Corona                         Hexes                        1
   b - Ensorcelled Hibernation        Hexes/Ice                    2
   c - Confuse                        Hexes                        3
   d - Tukima's Dance                 Hexes                        3
   e - Dazzling Spray                 Conjuration/Hexes            3
 t - a book of Air

   Spells                             Type                      Level
   a - Shock                          Conjuration/Air              1
   b - Swiftness                      Charms/Air                   2
   c - Repel Missiles                 Charms/Air                   2
   d - Static Discharge               Conjuration/Air              3
   e - Lightning Bolt                 Conjuration/Air              5
 M - a book of Power

   Spells                             Type                      Level
   a - Fulminant Prism                Conjuration/Hexes            4
   b - Iskenderun's Mystic Blast      Conjuration                  4
   c - Venom Bolt                     Conjuration/Poison           5
   d - Bolt of Magma                  Conjuration/Fire/Earth       5
   e - Iron Shot                      Conjuration/Earth            6
   f - Orb of Destruction             Conjuration                  7
   g - Spellforged Servitor           Conjuration/Summoning        7
Comestibles
 x - 3 meat rations


   Skills:
 - Level 1.0 Short Blades
 - Level 6.1 Armour
 - Level 2.0 Dodging
 - Level 3.0 Stealth
 * Level 10.3 Spellcasting
 * Level 9.7 Conjurations
 - Level 7.2 Hexes


You had 13 spell levels left.
You knew the following spells:

 Your Spells              Type           Power        Failure   Level  Hunger
a - Corona                Hex            #####..      1%          1    None
b - Confuse               Hex            #####...     2%          3    None
c - Tukima's Dance        Hex            #####...     2%          3    None
d - Dazzling Spray        Conj/Hex       #####...     1%          3    None
e - Static Discharge      Conj/Air       ####....     10%         3    None
f - Iskenderun's Mystic   Conj           #####...     3%          4    ##.....


Dungeon Overview and Level Annotations

Branches:
Dungeon (9/15)             Temple (0/1) D:7             Orc (2/2) D:9
    Elf (0/3) Orc:2
   Lair: D:8-11

Altars:
Ashenzari
Gozag
Kikubaaqudgha
Makhleb
Nemelex Xobeh
Pakellas
Ru
Sif Muna
Trog
Vehumet
Xom
Yredelemnul
The Shining One

Shops:
D:5 !   D:9 =

Annotations:
Orc:2 Azrael


Innate Abilities, Weirdness & Mutations

You are agile. (Dex +2)


Message History

Eat which item? (? for menu, Esc to quit)
You continue eating. x2
You finish eating.
That meat ration really hit the spot!
You climb downwards.
Level annotation: Azrael 2 fire elementals come into view.
The hell hound bites you but does no damage.
Azrael gestures at you.
The fireball explodes!
The fireball engulfs you!
The fireball engulfs the fire elemental.
The fire elemental completely resists.
The fireball engulfs the hell hound.
The hell hound completely resists.
The hell hound misses you. The fire elemental hits you.
The fire elemental burns you! Azrael gestures at you.
The bolt of fire hits the hell hound.
The hell hound completely resists.
The bolt of fire hits you!
* * * LOW HITPOINT WARNING * * *
The hell hound bites you.
You die...
Your body crumbles into a pile of gold.

#...# ###§.## .. #..<§.# #.
#.4.E..##. $ #....h.......##
#.#........#.#.## .....
##.h......[..§..###......
#..........E..[..............
h....#.....h@................
h..........).h)E§.............
#...)..[...§....# ......
##.#..(..(..)..# ...... #)
##.$..R....## #..).. $ >
#.....(.(...# ##..... $
.......(....###..)...
.........$....#.......
.)..#.<.......)....##


You could see Azrael, 3 fire elementals and 3 hell hounds.

Vanquished Creatures
  An orc high priest (Orc:1)
  2 cyclopes (Orc:1)
  The ghost of dorian the Frost Mage, a novice MfIE of Vehumet (D:5)
  2 trolls (Orc:1)
  3 dancing weapons
  5 yaks (D:9)
  3 hippogriffs
  Menkaure (D:7)
  A warg (Orc:1)
  Duvessa (D:7)
  A water moccasin (D:8)
  8 orc warriors
  Purgy (Sewer)
  2 black bears
  A phantom (D:7)
  A wasp (D:7)
  2 ogres
  A big kobold (D:9)
  4 giant frogs
  Dowan (D:7)
  A wyvern skeleton (D:6)
  8 scorpions
  3 jellies
  5 killer bees (D:5)
  A lava snake (Orc:1)
  5 crimson imps
  A giant frog zombie (D:8)
  A quasit (D:9)
  6 orc priests
  A hound (D:6)
  3 giant frog skeletons
  A gnoll shaman (D:4)
  Ijyb (D:1)
  3 iguanas
  13 orc wizards
  8 worker ants
  4 sheep (D:9)
  A hound skeleton (D:3)
  3 gnolls
  9 adders
  3 shadow imps
  2 oozes
  3 adder skeletons (D:4)
  3 worms
  2 dart slugs
  7 giant geckos
  32 orcs
  4 giant cockroaches
  16 goblins
  7 hobgoblins
  16 jackals
  5 quokkas
  4 ball pythons
  7 bats
  A giant cockroach zombie (D:5)
  8 giant newts
  10 kobolds
  A quokka skeleton (D:4)
  12 rats
263 creatures vanquished.

Vanquished Creatures (collateral kills)
  An orc sorcerer (Orc:1)
  Edmund (D:6)
  A centaur (D:9)
  An ogre (D:7)
  A crimson imp (D:9)
  4 orc priests
  Crazy Yiuf (D:3)
  4 orc wizards
  A gnoll (D:7)
  16 orcs
  A kobold (D:9)
32 creatures vanquished.

Vanquished Creatures (others)
  18 dancing weapons
18 creatures vanquished.

Grand Total: 313 creatures vanquished

Notes
Turn   | Place    | Note
--------------------------------------------------------------
     0 | D:1      | Chiseanne the Human Enchanter began the quest for the Orb.
     0 | D:1      | Reached XP level 1. HP: 13/13 MP: 3/3
   155 | D:1      | Found a sparkling altar of Nemelex Xobeh.
   311 | D:1      | Reached XP level 2. HP: 19/19 MP: 1/5
   556 | D:1      | Reached XP level 3. HP: 24/24 MP: 7/7
   595 | D:1      | Learned a level 3 spell: Confuse
   599 | D:1      | Learned a level 3 spell: Tukima's Dance
   993 | D:2      | Noticed Ijyb
   999 | D:2      | Reached skill level 3 in Spellcasting
  1014 | D:1      | Killed Ijyb
  1014 | D:1      | Reached XP level 4. HP: 27/30 MP: 8/8
  1282 | D:2      | Reached XP level 5. HP: 24/35 MP: 10/10
  2126 | D:3      | Noticed Crazy Yiuf
  2133 | D:3      | Killed Crazy Yiuf
  2198 | D:3      | Found a glowing golden altar of the Shining One.
  2497 | D:3      | Reached skill level 4 in Spellcasting
  2930 | D:3      | Reached XP level 6. HP: 41/41 MP: 10/12
  3520 | D:4      | Reached skill level 5 in Hexes
  3915 | D:4      | Reached XP level 7. HP: 46/46 MP: 7/14
  4233 | D:4      | Reached skill level 5 in Spellcasting
  4618 | D:4      | Found a deep blue altar of Sif Muna.
  4872 | D:4      | Found an ancient bone altar of Kikubaaqudgha.
  4877 | D:4      | Found an opulent altar of Gozag.
  4878 | D:4      | Found a bloodstained altar of Trog.
  4887 | D:4      | Became a worshipper of Gozag Ym Sagoz the Greedy
  4931 | D:4      | Learned a level 3 spell: Dazzling Spray
  4993 | D:5      | Entered Level 5 of the Dungeon
  5107 | D:5      | Found Nuim's Distillery.
  5116 | D:5      | Bought a potion of haste for 150 gold pieces
  5116 | D:5      | Bought a potion of agility for 60 gold pieces
  5116 | D:5      | Bought a potion of degeneration for 15 gold pieces
  5125 | D:5      | Gained mutation: You are agile. (Dex +2) [potion of beneficial mutation]
  5127 | D:5      | Found a glowing drain.
  5161 | Sewer    | Entered a sewer
  5305 | Sewer    | Noticed Purgy
  5308 | Sewer    | Killed Purgy
  5308 | Sewer    | Reached skill level 1 in Conjurations
  5436 | D:5      | Bought a potion of lignification for 45 gold pieces
  5522 | D:5      | Reached XP level 8. HP: 50/52 MP: 16/16
  5590 | D:5      | Noticed dorian's ghost (novice MfIE)
  5623 | D:5      | Killed dorian's ghost
  5623 | D:5      | Reached skill level 6 in Spellcasting
  6023 | D:5      | Reached XP level 9. HP: 49/57 MP: 12/18
  6066 | D:5      | Got a steaming ring mail
  6067 | D:5      | Identified the cursed +0 ring mail of the Hunter {rN+ MR+} (You found it on level 5 of the Dungeon)
  6193 | D:5      | Bought a potion of agility for 60 gold pieces
  6193 | D:5      | Bought a potion of might for 60 gold pieces
  6241 | D:6      | Reached skill level 1 in Armour
  6761 | D:6      | Noticed Edmund
  6773 | D:6      | Killed Edmund
  7467 | D:5      | Bought a potion of resistance for 150 gold pieces
  7551 | D:7      | Reached skill level 5 in Armour
  7646 | D:7      | Noticed Dowan
  7647 | D:7      | Noticed Duvessa
  7916 | D:7      | Killed Duvessa
  7925 | D:7      | Killed Dowan
  8384 | D:7      | Found a basalt altar of Yredelemnul.
  8561 | D:7      | Reached skill level 7 in Spellcasting
  8694 | D:7      | Found a burning altar of Makhleb.
  8759 | D:7      | Found a radiant altar of Vehumet.
  8760 | D:7      | Found a sacrificial altar of Ru.
  8795 | D:7      | Found a staircase to the Ecumenical Temple.
  8854 | D:7      | Reached skill level 5 in Conjurations
  8946 | D:7      | Reached XP level 10. HP: 63/63 MP: 13/21
  9029 | D:7      | Noticed Menkaure
  9040 | D:7      | Killed Menkaure
  9206 | D:7      | Found an oddly glowing altar of Pakellas.
  9315 | D:7      | Found a sparkling altar of Nemelex Xobeh.
  9378 | D:8      | Found a shattered altar of Ashenzari.
  9468 | D:8      | Found a shimmering altar of Xom.
  9468 | D:8      | Found a shimmering altar of Xom.
  9469 | D:8      | Found a shimmering altar of Xom.
  9470 | D:8      | Found a shimmering altar of Xom.
  9470 | D:8      | Found a shimmering altar of Xom.
  9471 | D:8      | Found a shimmering altar of Xom.
  9877 | D:8      | Learned a level 4 spell: Iskenderun's Mystic Blast
  9965 | D:8      | Reached skill level 8 in Spellcasting
 10749 | D:9      | Learned a level 3 spell: Static Discharge
 11118 | D:9      | Found a staircase to the Orcish Mines.
 11868 | D:9      | Bought a cursed ring of loudness for 49 gold pieces
 11967 | Orc:1    | Entered Level 1 of the Orcish Mines
 11967 | Orc:1    | Noticed a cyclops
 12407 | D:9      | Reached skill level 9 in Spellcasting
 12498 | Orc:1    | Killed a cyclops
 12498 | Orc:1    | Reached XP level 11. HP: 44/68 MP: 2/24
 13525 | Orc:1    | Noticed a cyclops
 13545 | Orc:1    | Killed a cyclops
 13573 | Orc:1    | Noticed an orc sorcerer
 13596 | Orc:1    | Killed an orc sorcerer
 13723 | Orc:1    | Reached skill level 10 in Spellcasting
 13903 | Orc:2    | Entered Level 2 of the Orcish Mines
 13903 | Orc:2    | Found a staircase to the Elven Halls.
 13909 | Orc:2    | Noticed an orc high priest
 14856 | Orc:2    | Noticed a soul eater
 14867 | Orc:1    | Killed an orc high priest
 15155 | Orc:2    | Noticed Azrael
 15425 | Orc:2    | HP: 1/68 [Azrael/bolt of fire (33)]
 15425 | Orc:2    | Slain by a hell hound

Skill      XL: |  1  2  3  4  5  6  7  8  9 10 11 |
---------------+----------------------------------+-----
Spellcasting   | 3 4 5 6 7 9 10 | 10.3
Hexes          | 4 5 6 7 |  7.2
Conjurations   | 1 3 5 8 9 |  9.7
Armour         | 6 |  6.1
Short Blades   | |  1.0
Dodging        | |  2.0
Stealth        | |  3.0

Action                   |  1- 3 |  4- 6 |  7- 9 | 10-12 || total
-------------------------+-------+-------+-------+-------++-------
Melee: Dagger            |    79 |   176 |   264 |   281 ||   800
       Quarterstaff      |       |       |    22 |     8 ||    30
 Fire: Hunting sling     |    21 |    12 |    13 |    77 ||   123
       Blowgun           |       |       |    24 |    42 ||    66
 Cast: Corona            |     4 |    12 |    42 |    29 ||    87
       Tukima's Dance    |       |    10 |    27 |    65 ||   102
       Confuse           |       |     8 |    28 |    65 ||   101
       Dazzling Spray    |       |       |    12 |    29 ||    41
       Static Discharge  |       |       |       |     2 ||     2
       Iskenderun's Myst |       |       |       |     1 ||     1
Invok: Call Merchant     |       |       |       |     1 ||     1
Evoke: Wand              |       |       |    10 |     1 ||    11
  Use: Scroll            |       |     4 |    11 |     5 ||    20
       Potion            |       |       |     3 |     2 ||     5
 Stab: Sleeping          |     3 |    11 |     3 |       ||    17
       Distracted        |     2 |       |     1 |     1 ||     4
       Confused          |       |     1 |     2 |    15 ||    18
       Invisible         |       |       |       |     1 ||     1
  Eat: Chunk             |       |    10 |     4 |       ||    14
       Fruit             |       |     1 |     1 |       ||     2
       Beef jerky        |       |       |     3 |       ||     3
       Pizza             |       |       |     3 |       ||     3
       Bread ration      |       |       |     2 |     2 ||     4
       Royal jelly       |       |       |       |     1 ||     1
       Meat ration       |       |       |       |     2 ||     2
Armor: Robe              |    18 |    28 |    36 |       ||    82
       Ring mail         |       |       |    92 |   136 ||   228
Dodge: Dodged            |    42 |   105 |   179 |   183 ||   509
